 Dungeon Crawl Stone Soup version 0.28.0 (webtiles) character file.

Game seed: 434058538233102763

786 dolemite99 the Cruncher (level 7, -2/50 HPs)
             Began as a Demonspawn Gladiator on Feb 6, 2022.
             Was an Initiate of Gozag.
             Slain by a gnoll sergeant (13 damage)
             ... on level 6 of the Dungeon.
             The game lasted 00:06:52 (6910 turns).

dolemite99 the Cruncher (Demonspawn Gladiator)      Turns: 6910, Time: 00:06:53

Health: -2/50      AC: 14    Str: 17    XL:     7   Next: 56%
Magic:  7/7        EV:  8    Int:  9    God:    Gozag
Gold:   298        SH:  0    Dex: 14    Spells: 6/6 levels left

rFire   . . .      SeeInvis .   a - +0 quarterstaff
rCold   . . .      Faith    .   (shield currently unavailable)
rNeg    . . .      Spirit   .   i - +0 chain mail
rPois   .          Reflect  .   c - +0 helmet
rElec   .          Harm     .   j - +0 cloak
rCorr   +          Rampage  .   (no gloves)
Will    .....                   (no boots)
Stlth   ..........              (no amulet)
HPRegen 0.16/turn               h - +4 ring of protection {=R}
MPRegen 0.10/turn               z - ring of resist corrosion

@: no status effects
A: foul stench 1, sturdy frame 1, demonic magic 2
a: Renounce Religion, Potion Petition, Call Merchant, Bribe Branch


You were on level 6 of the Dungeon.
You worshipped Gozag.
Gozag was aware of your devotion.
You visited 2 branches of the dungeon, and saw 7 of its levels.

You collected 375 gold pieces.
You paid 77 gold pieces to Gozag.

Inventory:

Hand Weapons
 a - a +0 quarterstaff (weapon)
Missiles
 d - 3 throwing nets (quivered)
 m - 101 stones
 n - 41 sling bullets
 u - 50 arrows
 A - 4 javelins
Armour
 b - a +0 leather armour
 c - a +0 helmet (worn)
 e - a +0 scale mail
 i - a +0 chain mail (worn)
 j - a +0 cloak (worn)
Jewellery
 h - a +4 ring of protection (left hand) {=R}
 k - a ring of fire
 t - a ring of ice
 x - an amulet of guardian spirit
 z - a ring of resist corrosion (right hand)
Wands
 y - a wand of digging (11)
Scrolls
 g - a scroll of amnesia {unknown}
 q - a scroll of enchant weapon {unknown}
 r - a scroll of teleportation
 s - a scroll of enchant armour {unknown}
 w - a scroll of silence {unknown}
Potions
 f - a potion of mutation
 o - 2 potions of ambrosia
 v - a potion of flight


   Skills:
 - Level 2.0 Fighting
 + Level 8.3 Staves
 - Level 1.7 Throwing
 - Level 2.6 Dodging


You had 6 spell levels left.
You didn't know any spells.
Your spell library contained the following spells:

 Spells                   Type           Power      Damage    Failure   Level
 Sandblast                Erth           0%         2d4       98%         1
 Summon Small Mammal      Summ           0%         N/A       98%         1
 Passwall                 Tmut/Erth      0%         N/A       99%         2
 Call Canine Familiar     Summ           0%         N/A       100%        3
 Portal Projectile        Hex/Tloc       0%         N/A       100%        3
 Stone Arrow              Conj/Erth      0%         3d7       100%        3
 Summon Guardian Golem    Hex/Summ       0%         N/A       100%        3
 Leda's Liquefaction      Hex/Erth       0%         N/A       100%        4


Dungeon Overview and Level Annotations

Branches:
Dungeon (5/15)             Temple (1/1) D:4

Altars:
Ashenzari
Cheibriados
Dithmenos
Elyvilon
Fedhas
Gozag
Hepliaklqana
Makhleb
Nemelex Xobeh
Okawaru
Qazlal
Ru
Sif Muna
Trog
Uskayaw
Vehumet
Wu Jian
Xom
Yredelemnul
Zin
The Shining One

Annotations:
D:6 Edmund


Innate Abilities, Weirdness & Mutations

You may rarely emit foul miasma when damaged in melee.
Your movements are slightly less encumbered by armour. (ER -2)
Spells you cast may paralyse nearby enemies.


Message History

You barely miss the gnoll sergeant.
The gnoll sergeant hits you with a +6 vorpal trident!
You hit the gnoll sergeant but do no damage.
The gnoll sergeant hits you with a +6 vorpal trident.
You closely miss the gnoll sergeant.
A gnoll comes into view. It is wielding a +0 spear.
The gnoll sergeant hits you with a +6 vorpal trident.
The gnoll shouts!
You hit the gnoll sergeant.
The gnoll sergeant is lightly wounded.
The gnoll sergeant hits you with a +6 vorpal trident.
* * * LOW HITPOINT WARNING * * *
x2 You feel better.
The gnoll hits you from afar with a +0 spear.
The gnoll sergeant hits you but does no damage.
You barely miss the gnoll sergeant.
The gnoll sergeant is lightly wounded.
The gnoll closely misses you.
The gnoll sergeant hits you with a +6 vorpal trident.
* * * LOW HITPOINT WARNING * * *
You hit the gnoll sergeant.
The gnoll sergeant is moderately wounded.
The gnoll barely misses you.
You closely miss the gnoll sergeant.
The gnoll sergeant is moderately wounded.
The gnoll hits you but does no damage.
You barely miss the gnoll sergeant.
The gnoll sergeant is moderately wounded.
The gnoll sergeant closely misses you.
You hit the gnoll sergeant but do no damage.
The gnoll sergeant is moderately wounded.
The gnoll barely misses you.
The gnoll sergeant hits you but does no damage.
You hit the gnoll sergeant but do no damage.
The gnoll sergeant is moderately wounded.
The gnoll hits you from afar with a +0 spear.
* * * LOW HITPOINT WARNING * * *
The gnoll sergeant hits you with a +6 vorpal trident!
You die...
Your body crumbles into a pile of gold.

#......####.#.#
#..####.# #.#.#
#.# #)#.# #.#
#.#.# #.# #.#.#
#.####.###
#.....##
#..#### #
#g@..#
##.##.###.####
.......)g.#
###.#.##### #


You could see a gnoll sergeant and a gnoll.

Vanquished Creatures
  A necrophage (D:3)
  An ogre (D:5)
  A bullfrog (D:6)
  A scorpion (D:4)
  A hound (D:6)
  A centaur skeleton (D:6)
  A bullfrog skeleton (D:5)
  Ijyb (D:3)
  Terence (D:3)
  2 scorpion zombies (D:5)
  9 gnolls
  10 adders
  2 adder skeletons (D:4)
  7 worms
  3 dart slugs
  3 orcs
  An endoplasm (D:1)
  2 giant cockroaches
  9 goblins
  11 hobgoblins
  9 jackals
  2 kobolds (D:1)
  6 quokkas
  11 ball pythons
  4 bats
  3 frilled lizards
  7 rats
110 creatures vanquished.

Notes
Turn   | Place    | Note
-------+----------+-------------------------------------------
     0 | D:1      | dolemite99 the Demonspawn Gladiator began the quest for the
                  | Orb.
     0 | D:1      | Reached XP level 1. HP: 16/16 MP: 1/1
    57 | D:1      | Reached skill level 3 in Staves
    68 | D:1      | Gained mutation: Spells you cast may paralyse adjacent
                  | enemies. [demonic ancestry]
    68 | D:1      | Reached XP level 2. HP: 13/22 MP: 2/2
   856 | D:1      | Gained mutation: Spells you cast may paralyse nearby
                  | enemies. [demonic ancestry]
   856 | D:1      | Reached XP level 3. HP: 27/27 MP: 3/3
  1091 | D:2      | Reached skill level 4 in Staves
  1677 | D:2      | Reached XP level 4. HP: 33/33 MP: 4/4
  2097 | D:3      | Noticed a necrophage
  2118 | D:3      | Killed a necrophage
  2119 | D:3      | Reached skill level 5 in Staves
  2119 | D:3      | Gained mutation: You may rarely emit foul miasma when
                  | damaged in melee. [demonic ancestry]
  2119 | D:3      | Reached XP level 5. HP: 25/38 MP: 5/5
  2824 | D:3      | Noticed Ijyb
  2838 | D:3      | Killed Ijyb
  2839 | D:3      | Reached skill level 6 in Staves
  2969 | D:3      | Noticed Terence
  2977 | D:3      | Killed Terence
  2978 | D:3      | Reached XP level 6. HP: 27/44 MP: 6/6
  5084 | D:4      | Found a staircase to the Ecumenical Temple.
  5090 | Temple   | Entered the Ecumenical Temple
  5177 | Temple   | Became a worshipper of Gozag Ym Sagoz the Greedy
  5228 | D:5      | Entered Level 5 of the Dungeon
  5242 | D:4      | Reached skill level 7 in Staves
  5923 | D:5      | Gained mutation: Your movements are slightly less
                  | encumbered by armour. (ER -2) [demonic ancestry]
  5923 | D:5      | Reached XP level 7. HP: 50/50 MP: 7/7
  6409 | D:5      | You fall into a shaft and drop 1 floor!
  6409 | D:6      | Noticed Edmund
  6781 | D:6      | Reached skill level 8 in Staves
  6910 | D:6      | Slain by a gnoll sergeant

Illustrated notes

Levels and vault maps discovered:
D:1:      dpeg_arrival_arbitrary_c, layout_loops_ring, minmay_misc_feat_five
D:2:      layout_loops_ring, minmay_misc_feat_cross, grunt_ministairs_7,
          supply_closet_lemuel, minmay_randomly_rotated_circles
D:3:      layout_basic, saegor_snake_ambush, uniq_terence, uniq_ijyb
D:4:      layout_basic, minmay_temple_entry_statues_pillars
D:5:      layout_basic, gammafunk_ghost_smash
D:6:      layout_loops_ring, lemuel_zombie_altar_kikubaaqudgha,
          grunt_ministairs_1, minmay_shop_mayhem, nicolae_underground_beach,
          uniq_edmund
Temple:   grunt_wide_crystal_templ

Skill      XL: |  1  2  3  4  5  6  7 |
---------------+----------------------+-----
Staves         | 3 4 5 6 7 8 |  8.3
Fighting       | |  2.0
Throwing       | |  1.7
Dodging        | |  2.6

Action                   |  1- 3 |  4- 6 |  7- 9 || total
-------------------------+-------+-------+-------++-------
Melee: Quarterstaff      |   116 |   277 |    65 ||   458
  Use: Scroll            |       |     6 |     1 ||     7
       Potion            |       |     1 |     1 ||     2
Armor: Leather armour    |     6 |       |       ||     6
       Scale mail        |    72 |    96 |       ||   168
       Chain mail        |       |    44 |    34 ||    78
Dodge: Dodged            |    95 |   139 |    25 ||   259
